 Dungeon Crawl Stone Soup version 0.31-a0-675-g238779eb0a (webtiles) character file.

Game seed: 9998064377896881386

71513 qw the Marksgargoyle (level 15, -2/103 HPs)
             Began as a Gargoyle Hunter on Sept 5, 2023.
             Was a High Priest of Okawaru.
             Slain by a two-headed ogre
             ... wielding a +0 giant club
              (13 damage)
             ... on level 15 of the Dungeon.
             The game lasted 00:10:38 (22243 turns).

qw the Marksgargoyle (Gargoyle Hunter)             Turns: 22243, Time: 00:10:38

Health: -2/103     AC: 26    Str: 15    XL:     15   Next: 36%
Magic:  22/22      EV: 19    Int: 11    God:    Okawaru [*****.]
Gold:   919        SH:  0    Dex: 19    Spells: 14/14 levels left

rFire   + . .        s - +1 arbalest of Enampuir {drain, rElec rPois rC++ rN+}
rCold   + + +        (shield currently unavailable)
rNeg    + + .        h - +2 ring mail {rF+}
rPois   inf          l - +1 helmet
rElec   +            p - +1 cloak
rCorr   .            (no gloves)
SInv    .            (no boots)
Will    ++...        (no amulet)
Stlth   +++          j - ring of protection from cold
HPRegen 0.37/turn    f - ring of willpower
MPRegen 0.18/turn

%: no passive effects
@: heroic, flying
A: sickness immunity, AC +11, big wings, negative energy resistance 1,
electricity resistance, torment resistance 1, petrification resistance
a: Renounce Religion, Heroism, Finesse, Duel


You were on level 15 of the Dungeon.
You worshipped Okawaru.
Okawaru was extremely pleased with you.
You visited 3 branches of the dungeon, and saw 21 of its levels.

You collected 1401 gold pieces.
You spent 482 gold pieces at shops.


Innate Abilities, Weirdness & Mutations

You are immune to sickness and miasma.
Your stone body is resilient. (AC +11)
You are immune to poison.
Your large and strong wings let you fly.
You resist negative energy. (rN+)
You are resistant to electric shocks. (rElec)
You are resistant to unholy torment.
You are immune to petrification.


   Skills:
 + Level 15.3(20.3) Fighting
 - Level 18.0(23.0) Ranged Weapons
 - Level 8.1(13.1) Armour
 - Level 8.0(13.0) Dodging
 - Level 1.1(6.1) Stealth
 - Level 10.0 Invocations


You had 14 spell levels left.
You didn't know any spells.
Your spell library was empty.

Inventory:

Hand Weapons
 q - a +3 orcbow of draining
 s - the +1 arbalest of Enampuir (weapon) {drain, rElec rPois rC++ rN+}
   (Okawaru gifted it to you on level 4 of the Lair of Beasts)

   rC++:      It greatly protects you from cold.
   rElec:     It insulates you from electricity.
   rPois:     It protects you from poison rN+: It protects you from negative
   energy.
Armour
 h - a +2 ring mail of fire resistance (worn)
 l - a +1 helmet (worn)
 o - a +0 troll leather armour
 p - a +1 cloak (worn)
Jewellery
 f - a ring of willpower (right hand)
 j - a ring of protection from cold (left hand)
 u - a ring of resist corrosion
 v - a ring of protection from cold
Wands
 g - a wand of digging (6)
Scrolls
 a - 9 scrolls of identify
 c - a scroll of teleportation
Potions
 b - 4 potions of enlightenment
 d - 5 potions of curing
 e - 3 potions of mutation
 i - a potion of resistance
 k - a potion of haste
 n - 2 potions of might
 r - a potion of magic
 t - 2 potions of cancellation

Dungeon Overview and Level Annotations

Branches:
Dungeon (15/15)            Temple (1/1) D:4            Lair (5/5) D:11
  Swamp (0/4) Lair:3        Snake (0/4) Lair:2        Slime (0/5) Lair:5
    Orc (0/2) D:12         Vaults (0/5) D:13         Depths (0/4) D:15

Altars:
Ashenzari
Cheibriados
Dithmenos
Elyvilon
Fedhas
Gozag
Hepliaklqana
Kikubaaqudgha
Nemelex Xobeh
Okawaru
Qazlal
Ru
Sif Muna
Trog
Uskayaw
Vehumet
Xom
Yredelemnul
Zin
The Shining One

Shops:
D:6 :   D:7 [   D:9 [?:

Portals:
Trove: D:13 (give 6 potions of haste)

Annotations:
D:2 1 runed translucent door, Crazy Yiuf
D:4 2 runed translucent doors


Message History

Enter note:
Enter note:
22239 |||
Found retreat position at -1,-4 (floor) with 0 blocking monsters and 3 monsters attacking at destination at distance 4
22239 ||| Stepping ~*~*~tactically~*~*~ (retreating).
The two-headed ogre hits you but does no damage.
The two-headed ogre completely misses you.
The ogre mage gestures wildly while chanting.
The ogre mage flickers and vanishes!
Deactivating autopickup; reactivate with Ctrl-A.
Enter note:
Enter note:
22240 |||
Found retreat position at 0,-3 (floor) with 0 blocking monsters and 3 monsters attacking at destination at distance 3
22240 ||| Stepping ~*~*~tactically~*~*~ (retreating).
The two-headed ogre attacks as it pursues you!
The two-headed ogre hits you with a +0 giant club.
The two-headed ogre hits you but does no damage.
There is an open door here.
Enter note:
Enter note: You shoot a bolt.
The bolt hits the two-headed ogre!
The two-headed ogre is moderately wounded.
The two-headed ogre hits you but does no damage.
The two-headed ogre hits you with a +0 giant spiked club!
The two-headed ogre hits you but does no damage.
The two-headed ogre hits you with a +0 giant spiked club!
You shoot a bolt. The bolt hits the two-headed ogre!!
The two-headed ogre is heavily wounded.
The two-headed ogre completely misses you. x2
The two-headed ogre closely misses you.
The two-headed ogre hits you with a +0 giant spiked club!
You shoot a bolt.
The bolt barely misses the two-headed ogre.
Okawaru accepts your kill.
Reactivating autopickup.
You feel a bit more experienced.
The two-headed ogre hits you with a +0 dire flail!!
The two-headed ogre hits you with a +0 giant spiked club.
The two-headed ogre hits you with a +0 giant club.
The two-headed ogre hits you with a +0 giant spiked club!
You die...

################
#####..............##
#####...#..............##
........@O).........)...'
........#OO....)#########
......................###
...........O..........##.
.............O.#......#..
........)).....#........~
###.......###...).....~~
........#### #.........~~
......... #..........~


You could see 3 two-headed ogres and 2 ogres.

Vanquished Creatures
  Gastronok (Lair:3)
  A stone giant (D:15)
  Fannar (Lair:1)
  An ogre mage (D:15)
  4 vault guards (D:13)
  3 hydras
  2 catoblepae
  3 centaur warriors
  2 boulder beetles
  5 two-headed ogres
  2 tengu warriors (D:15)
  4 death yaks
  4 skysharks
  A goliath frog (Lair:4)
  3 skeletal warriors (D:13)
  A deep elf pyromancer (D:13)
  A manticore (D:12)
  6 ugly things
  6 elephants
  4 cyclopes
  5 black mambas
  A gargoyle (D:12)
  Maggie (D:10)
  A yaktaur (shapeshifter) (D:15)
  15 cane toads
  4 kobold demonologists (D:11)
  An unseen horror (D:12)
  2 rime drakes
  6 komodo dragons
  A tengu conjurer (D:14)
  2 meliai (D:15)
  7 trolls
  4 tyrant leeches
  6 polar bears
  A hornet (Lair:2)
  15 blink frogs
  12 dream sheep
  5 slime creatures
  A spriggan (Lair:4)
  A wraith (D:11)
  4 wyverns
  A centaur simulacrum (D:14)
  74 yaks
  3 humans (D:13)
  19 vampire mosquitoes
  5 basilisks
  A steam dragon (D:9)
  Grum (D:11)
  Menkaure (D:6)
  2 swamp worms (Lair:3)
  2 acid dragons
  2 nagas (Lair:2)
  4 orc warriors
  8 water moccasins
  A swamp drake (D:12)
  2 ice beasts (D:6)
  2 sky beasts
  A black bear (Lair:4)
  10 wolves
  4 ogres
  6 centaurs
  8 kobold brigands
  17 bullfrogs
  A gnoll sergeant (D:9)
  4 scorpions
  9 wights
  12 killer bees
  2 electric eels
  2 howler monkeys
  A hound (D:5)
  5 orc priests
  A sleepcap (D:4)
  2 iguanas (D:5)
  4 orc wizards
  4 adders
  3 gnolls (D:9)
  A shadow imp (D:8)
  6 white imps
  An ufetubus (D:7)
  A worm (D:2)
  3 dart slugs
  21 orcs
  7 ball pythons
  4 bats
  7 endoplasms
  A giant cockroach (D:1)
  8 hobgoblins
  2 jackals (D:1)
  2 quokkas
  3 frilled lizards (D:1)
  13 goblins
  22 kobolds
  10 rats
486 creatures vanquished.

Vanquished Creatures (others)
  2 humans (D:13)
2 creatures vanquished.

Grand Total: 488 creatures vanquished

Notes
Turn   | Place    | Note
-------+----------+-------------------------------------------
     0 | D:1      | qw the Gargoyle Hunter began the quest for the Orb.
     0 | D:1      | Reached XP level 1. HP: 12/12 MP: 1/1
     0 | D:1      | 0 ||| qw: Version: 0.3-a-75-g829b12e
     0 | D:1      | 0 ||| qw: Game counter: 50
     0 | D:1      | 0 ||| qw: Melee chars always use a shield: true
     0 | D:1      | 0 ||| qw: God list: Okawaru
     0 | D:1      | 0 ||| qw: Allow faded altars: false
     0 | D:1      | 0 ||| qw: Do Orc after clearing Dungeon:15 true
     0 | D:1      | 0 ||| qw: Do second Lair branch before Depths: true
     0 | D:1      | 0 ||| qw: Lair rune preference: random
     0 | D:1      | 0 ||| qw: Goals: Normal
     0 | D:1      | 0 ||| PLANNING D:1-11
   120 | D:1      | Reached XP level 2. HP: 17/17 MP: 2/2
   702 | D:1      | Reached XP level 3. HP: 21/21 MP: 3/3
   829 | D:1      | 829 ||| READING scroll labelled WONKEF FOWAS.
   833 | D:1      | 833 ||| READING scroll labelled CIM DINI QUOGH.
   834 | D:1      | 834 ||| DRINKING 2 sapphire potions.
   835 | D:1      | 835 ||| DROPPING scroll of butterflies.
   846 | D:2      | 846 ||| STAIRDANCE
   853 | D:1      | Reached skill level 5 in Ranged Weapons
   857 | D:2      | 857 ||| STAIRDANCE
   991 | D:2      | Found a runed translucent door.
   992 | D:2      | Noticed Crazy Yiuf
  1257 | D:2      | Found a faded altar of an unknown god.
  1288 | D:2      | Reached skill level 3 in Fighting
  1362 | D:2      | 1362 ||| UPGRADING to +0 ring mail.
  1372 | D:2      | 1372 ||| DROPPING +0 leather armour.
  1373 | D:2      | 1373 ||| READING scroll labelled DACASHR QIBIFF.
  1374 | D:2      | 1374 ||| READING scroll labelled NEOJO EMUFRU.
  1375 | D:2      | 1375 ||| READING scroll labelled NEN POUMNYFF.
  1376 | D:2      | 1376 ||| READING scroll labelled UKASKU PEUTREIGAU.
  1620 | D:3      | Reached XP level 4. HP: 28/28 MP: 4/4
  1663 | D:3      | Found a broken altar of Ashenzari.
  1679 | D:3      | 1679 ||| SWAPPING to +0 orcbow.
  1680 | D:3      | 1680 ||| DROPPING +1 shortbow.
  1817 | D:3      | Reached skill level 1 in Armour
  1915 | D:3      | You fall into a shaft and drop 1 floor!
  1939 | D:4      | Noticed a scorpion
  1948 | D:4      | Killed a scorpion
  1949 | D:4      | Reached XP level 5. HP: 20/32 MP: 5/5
  2029 | D:4      | Reached skill level 6 in Ranged Weapons
  2155 | D:4      | 2155 ||| FLEEEEING.
  2156 | D:4      | 2156 ||| FLEEEEING.
  2157 | D:4      | 2157 ||| FLEEEEING.
  2158 | D:4      | 2158 ||| STAIRDANCE
  2286 | D:3      | 2286 ||| UPGRADING to +0 cloak.
  2371 | D:4      | Found a large runed translucent door.
  2371 | D:4      | Found a large runed translucent door.
  2444 | D:4      | Reached XP level 6. HP: 24/39 MP: 6/6
  2521 | D:4      | Reached skill level 7 in Ranged Weapons
  2521 | D:4      | Reached XP level 7. HP: 39/44 MP: 7/7
  2991 | D:4      | Found a staircase to the Ecumenical Temple.
  2992 | D:4      | 2992 ||| PLANNING TEMPLE
  2992 | D:4      | 2992 ||| UPGRADING to ring of protection from cold.
  2993 | D:4      | 2993 ||| READING 3 scrolls labelled SUQUON OQETHRUIV.
  2994 | D:4      | 2994 ||| READING 2 scrolls of identify.
  2994 | D:4      | 2994 ||| IDENTIFYING grey potion
  3001 | Temple   | Entered the Ecumenical Temple
  3002 | Temple   | 3002 ||| PLANNING D:1-11
  3236 | D:4      | Found a snail-covered altar of Cheibriados.
  3481 | D:4      | 3481 ||| READING scroll labelled FUUSHO ZOIK.
  3547 | D:5      | Entered Level 5 of the Dungeon
  3587 | D:5      | Found a bloodstained altar of Trog.
  3665 | D:5      | 3665 ||| UPGRADING to amulet of guardian spirit.
  3902 | D:5      | Reached skill level 8 in Ranged Weapons
  3954 | D:5      | 3954 ||| FLEEEEING.
  4598 | D:5      | 4598 ||| DRINKING 2 blue potions.
  4599 | D:5      | 4599 ||| READING 2 scrolls of identify.
  4599 | D:5      | 4599 ||| IDENTIFYING lumpy white potion
  4600 | D:5      | 4600 ||| DROPPING potion of degeneration.
  4601 | D:5      | 4601 ||| DROPPING potion of attraction.
  4664 | D:6      | 4664 ||| Stepping ~*~*~tactically~*~*~ (outnumbered).
  4667 | D:6      | 4667 ||| Stepping ~*~*~tactically~*~*~ (outnumbered).
  4669 | D:6      | 4669 ||| Stepping ~*~*~tactically~*~*~ (outnumbered).
  4684 | D:6      | Reached XP level 8. HP: 28/50 MP: 3/8
  5127 | D:6      | Found a sparkling altar of Nemelex Xobeh.
  5305 | D:6      | Noticed Menkaure
  5306 | D:6      | 5306 ||| FLEEEEING.
  5331 | D:6      | Killed Menkaure
  5332 | D:6      | Reached skill level 9 in Ranged Weapons
  5345 | D:6      | Reached skill level 6 in Fighting
  5371 | D:6      | Found Juhau's Book Emporium.
  5459 | D:6      | Found an iron altar of Okawaru.
  5460 | D:6      | 5460 ||| PLANNING OKAWARU WORSHIP
  5460 | D:6      | 5460 ||| READING scroll labelled HUDAAL XELOASIM.
  5461 | D:6      | 5461 ||| READING scroll labelled YGHUISTARA.
  5462 | D:6      | 5462 ||| READING scroll labelled EBRUPO BOGUMN.
  5470 | D:6      | Became a worshipper of Warmaster Okawaru
  5471 | D:6      | 5471 ||| PLANNING D:1-11
  5471 | D:6      | 5471 ||| REMOVING amulet of guardian spirit.
  5476 | D:6      | 5476 ||| DROPPING amulet of guardian spirit.
  5790 | D:7      | Reached XP level 9. HP: 55/55 MP: 9/9
  5798 | D:7      | Reached skill level 10 in Ranged Weapons
  5885 | D:7      | Found Teirefy's Antique Armour Shop.
  5891 | D:7      | 5891 ||| BUYING glowing ring mail (231 gold).
  5891 | D:7      | Bought a glowing ring mail for 231 gold pieces
  5891 | D:7      | 5891 ||| BUYING helmet (148 gold).
  5891 | D:7      | Bought a helmet for 148 gold pieces
  5912 | D:7      | 5912 ||| READING scroll of enchant weapon.
  5912 | D:7      | 5912 ||| ENCHANTING +0 orcbow.
  5918 | D:7      | 5918 ||| Stepping ~*~*~tactically~*~*~ (outnumbered).
  5920 | D:7      | 5920 ||| Stepping ~*~*~tactically~*~*~ (outnumbered).
  6048 | D:7      | Found a glowing golden altar of the Shining One.
  6062 | D:7      | Reached * piety under Okawaru
  6064 | D:7      | 6064 ||| INVOKING Heroism.
  6555 | D:7      | 6555 ||| UPGRADING to +2 ring mail of fire resistance.
  6565 | D:7      | 6565 ||| DROPPING +0 ring mail.
  6566 | D:7      | 6566 ||| UPGRADING to +0 helmet.
  6571 | D:7      | 6571 ||| READING scroll labelled NUKHONUFAI.
  6572 | D:7      | 6572 ||| READING 4 scrolls of identify.
  6572 | D:7      | 6572 ||| IDENTIFYING dark potion
  6573 | D:7      | 6573 ||| READING 3 scrolls of identify.
  6573 | D:7      | 6573 ||| IDENTIFYING fizzy amethyst potion
  6574 | D:7      | 6574 ||| READING 2 scrolls of identify.
  6574 | D:7      | 6574 ||| IDENTIFYING fizzy clear potion
  6575 | D:7      | 6575 ||| DROPPING potion of brilliance.
  6729 | D:8      | Noticed a cyclops
  6730 | D:8      | 6730 ||| RETREATING.
  6739 | D:8      | 6739 ||| Stepping ~*~*~tactically~*~*~ (retreating).
  6740 | D:8      | 6740 ||| Stepping ~*~*~tactically~*~*~ (retreating).
  6747 | D:8      | Reached skill level 3 in Armour
  6747 | D:8      | Reached skill level 1 in Invocations
  6750 | D:8      | 6750 ||| INVOKING Heroism.
  6751 | D:8      | 6751 ||| INVOKING Heroism.
  6763 | D:8      | Killed a cyclops
  6764 | D:8      | Reached skill level 11 in Ranged Weapons
  6778 | D:8      | 6778 ||| FLEEEEING.
  6779 | D:8      | 6779 ||| FLEEEEING.
  6780 | D:8      | 6780 ||| FLEEEEING.
  6781 | D:8      | 6781 ||| FLEEEEING.
  6784 | D:8      | 6784 ||| FLEEEEING.
  6789 | D:8      | 6789 ||| STAIRDANCE
  6914 | D:8      | 6914 ||| FLEEEEING.
  6915 | D:8      | 6915 ||| FLEEEEING.
  6923 | D:8      | Found a flagged portal.
  7092 | D:8      | 7092 ||| Stepping ~*~*~tactically~*~*~ (outnumbered).
  7093 | D:8      | 7093 ||| Stepping ~*~*~tactically~*~*~ (outnumbered).
  7114 | D:8      | Reached skill level 3 in Dodging
  7152 | D:8      | 7152 ||| SWAPPING to +2 orcbow of draining.
  7153 | D:8      | 7153 ||| DROPPING +1 orcbow.
  7374 | D:8      | 7374 ||| READING scroll labelled OGALIATINIPH.
  7415 | D:8      | 7415 ||| DRINKING 2 ruby potions.
  7451 | D:8      | 7451 ||| READING 3 scrolls of identify.
  7451 | D:8      | 7451 ||| IDENTIFYING murky clear potion
  7452 | D:8      | 7452 ||| READING 2 scrolls of identify.
  7452 | D:8      | 7452 ||| IDENTIFYING lumpy grey potion
  7453 | D:8      | 7453 ||| DROPPING potion of lignification.
  7483 | D:9      | Reached skill level 3 in Invocations
  7563 | D:9      | Noticed a two-headed ogre
  7564 | D:9      | 7564 ||| INVOKING Heroism.
  7570 | D:9      | Killed a two-headed ogre
  7570 | D:9      | Reached ** piety under Okawaru
  7571 | D:9      | Reached XP level 10. HP: 65/65 MP: 9/13
  7585 | D:9      | 7585 ||| FLEEEEING.
  7633 | D:9      | 7633 ||| INVOKING Heroism.
  7634 | D:9      | 7634 ||| Stepping ~*~*~tactically~*~*~ (outnumbered).
  7692 | D:9      | 7692 ||| Stepping ~*~*~tactically~*~*~ (retreating).
  7698 | D:9      | 7698 ||| Stepping ~*~*~tactically~*~*~ (retreating).
  7700 | D:9      | 7700 ||| Stepping ~*~*~tactically~*~*~ (retreating).
  7705 | D:9      | 7705 ||| Stepping ~*~*~tactically~*~*~ (retreating).
  7706 | D:9      | 7706 ||| Stepping ~*~*~tactically~*~*~ (retreating).
  7707 | D:9      | 7707 ||| Stepping ~*~*~tactically~*~*~ (retreating).
  7708 | D:9      | 7708 ||| Stepping ~*~*~tactically~*~*~ (retreating).
  7709 | D:9      | 7709 ||| Stepping ~*~*~tactically~*~*~ (retreating).
  7764 | D:9      | Found a stormy altar of Qazlal.
  7967 | D:9      | 7967 ||| INVOKING Heroism.
  7973 | D:9      | Reached skill level 12 in Ranged Weapons
  8085 | D:9      | 8085 ||| INVOKING Heroism.
  8212 | D:9      | Noticed a two-headed ogre
  8213 | D:9      | Found Yczedask's Antique Armour Emporium.
  8214 | D:9      | 8214 ||| RETREATING.
  8216 | D:9      | 8216 ||| Stepping ~*~*~tactically~*~*~ (retreating).
  8217 | D:9      | 8217 ||| INVOKING Heroism.
  8221 | D:9      | Killed a two-headed ogre
  8221 | D:9      | Reached *** piety under Okawaru
  8235 | D:9      | 8235 ||| INVOKING Heroism.
  8318 | D:9      | 8318 ||| SHOPLISTING +3 hat of Pondering {ponderous, Will+
                  | MP+10 Int+5} (1066 gold, have 114).
  8318 | D:9      | 8318 ||| BUYING embroidered robe (103 gold).
  8318 | D:9      | Bought an embroidered robe for 103 gold pieces
  8318 | D:9      | 8318 ||| SHOPLISTING pair of boots (126 gold, have 11).
  8318 | D:9      | 8318 ||| SHOPLISTING runed leather armour (140 gold, have
                  | 11).
  8376 | D:9      | Found Dehecoad's Magic Scroll Shoppe.
  8382 | D:9      | 8382 ||| SHOPLISTING scroll of brand weapon (123 gold, have
                  | 11).
  8382 | D:9      | 8382 ||| SHOPLISTING scroll of enchant weapon (97 gold,
                  | have 11).
  8382 | D:9      | 8382 ||| SHOPLISTING scroll of identify (26 gold, have 11).
  8382 | D:9      | 8382 ||| SHOPLISTING scroll of teleportation (39 gold, have
                  | 11).
  8487 | D:9      | Found Koanol Gelu's Book Emporium.
  8597 | D:9      | 8597 ||| DROPPING +1 robe of willpower.
  8598 | D:9      | 8598 ||| READING 3 scrolls of identify.
  8598 | D:9      | 8598 ||| IDENTIFYING sedimented amethyst potion
  8599 | D:9      | 8599 ||| DROPPING potion of berserk rage.
  8641 | D:10     | Entered Level 10 of the Dungeon
  8649 | D:10     | Found a sacrificial altar of Ru.
  8683 | D:10     | 8683 ||| INVOKING Heroism.
  8764 | D:10     | Noticed a two-headed ogre
  8765 | D:10     | 8765 ||| INVOKING Heroism.
  8773 | D:10     | Killed a two-headed ogre
  8774 | D:10     | Reached skill level 13 in Ranged Weapons
  8774 | D:10     | Reached XP level 11. HP: 69/69 MP: 11/14
  8857 | D:10     | Noticed Maggie
  8873 | D:10     | Killed Maggie
  8913 | D:10     | Found an ancient bone altar of Kikubaaqudgha.
  8975 | D:10     | Reached skill level 9 in Fighting
  9068 | D:10     | Noticed a cyclops
  9069 | D:10     | 9069 ||| INVOKING Heroism.
  9076 | D:10     | Killed a cyclops
  9339 | D:10     | 9339 ||| INVOKING Heroism.
  9357 | D:10     | 9357 ||| READING scroll of enchant armour.
  9357 | D:10     | 9357 ||| ENCHANTING +0 helmet.
  9424 | D:10     | 9424 ||| RETREATING.
  9632 | D:10     | Reached **** piety under Okawaru
  9637 | D:10     | Reached skill level 14 in Ranged Weapons
  9692 | D:10     | 9692 ||| DRINKING 2 emerald potions.
  9721 | D:11     | 9721 ||| INVOKING Heroism.
  9728 | D:11     | Noticed Grum
  9729 | D:11     | 9729 ||| Stepping ~*~*~tactically~*~*~ (retreating).
  9732 | D:11     | 9732 ||| Stepping ~*~*~tactically~*~*~ (retreating).
  9735 | D:11     | 9735 ||| Stepping ~*~*~tactically~*~*~ (retreating).
  9736 | D:11     | 9736 ||| Stepping ~*~*~tactically~*~*~ (retreating).
  9737 | D:11     | 9737 ||| Stepping ~*~*~tactically~*~*~ (retreating).
  9738 | D:11     | 9738 ||| Stepping ~*~*~tactically~*~*~ (retreating).
  9744 | D:11     | 9744 ||| Stepping ~*~*~tactically~*~*~ (retreating).
  9745 | D:11     | 9745 ||| Stepping ~*~*~tactically~*~*~ (retreating).
  9746 | D:11     | 9746 ||| Stepping ~*~*~tactically~*~*~ (retreating).
  9747 | D:11     | 9747 ||| Stepping ~*~*~tactically~*~*~ (retreating).
  9748 | D:11     | 9748 ||| Stepping ~*~*~tactically~*~*~ (retreating).
  9748 | D:11     | HP: 14/71 [wolf[Grum] (8)]
  9749 | D:11     | 9749 ||| READING 9 scrolls of teleportation.
  9750 | D:11     | 9750 ||| DRINKING 3 potions of heal wounds.
  9751 | D:11     | 9751 ||| Stepping ~*~*~tactically~*~*~ (retreating).
  9823 | D:11     | Identified the +5 dagger "Foppikam" {protect, Dex+5}
  9824 | D:11     | 9824 ||| FLEEEEING.
  9827 | D:11     | 9827 ||| INVOKING Heroism.
  9831 | D:11     | 9831 ||| RETREATING.
  9832 | D:11     | 9832 ||| Stepping ~*~*~tactically~*~*~ (retreating).
  9833 | D:11     | 9833 ||| Stepping ~*~*~tactically~*~*~ (retreating).
  9835 | D:11     | Killed Grum
  9845 | D:11     | Received a gift from Okawaru
  9915 | D:11     | 9915 ||| RETREATING.
  9919 | D:11     | 9919 ||| Stepping ~*~*~tactically~*~*~ (outnumbered).
  9924 | D:11     | 9924 ||| Stepping ~*~*~tactically~*~*~ (retreating).
  9953 | D:11     | 9953 ||| Stepping ~*~*~tactically~*~*~ (retreating).
  9954 | D:11     | 9954 ||| Stepping ~*~*~tactically~*~*~ (retreating).
  9955 | D:11     | 9955 ||| Stepping ~*~*~tactically~*~*~ (retreating).
  9960 | D:11     | Reached skill level 6 in Invocations
 10008 | D:11     | 10008 ||| INVOKING Heroism.
 10230 | D:11     | Noticed a white ugly thing
 10239 | D:11     | 10239 ||| INVOKING Heroism.
 10240 | D:11     | Killed a white ugly thing
 10331 | D:11     | Noticed a red ugly thing
 10338 | D:11     | Killed a red ugly thing
 10382 | D:11     | Found a staircase to the Lair.
 10434 | D:11     | 10434 ||| PLANNING LAIR
 10434 | D:11     | 10434 ||| READING scroll labelled ELOCWIDYRUO.
 10435 | D:11     | 10435 ||| READING 4 scrolls of identify.
 10435 | D:11     | 10435 ||| IDENTIFYING fuming blue potion
 10436 | D:11     | 10436 ||| DROPPING potion of invisibility.
 10464 | Lair:1   | Entered Level 1 of the Lair of Beasts
 10465 | Lair:1   | 10465 ||| PLANNING GAUNTLET
 10496 | Lair:1   | 10496 ||| INVOKING Heroism.
 10499 | Lair:1   | Reached XP level 12. HP: 77/77 MP: 14/17
 10509 | Lair:1   | Noticed Fannar
 10516 | Lair:1   | Killed Fannar
 10528 | Lair:1   | 10528 ||| INVOKING Heroism.
 10537 | Lair:1   | 10537 ||| FLEEEEING.
 10538 | Lair:1   | 10538 ||| FLEEEEING.
 10542 | Lair:1   | 10542 ||| FLEEEEING.
 10543 | Lair:1   | 10543 ||| FLEEEEING.
 10545 | Lair:1   | 10545 ||| FLEEEEING.
 10546 | Lair:1   | 10546 ||| FLEEEEING.
 10548 | Lair:1   | 10548 ||| FLEEEEING.
 10549 | Lair:1   | 10549 ||| FLEEEEING.
 10550 | Lair:1   | 10550 ||| FLEEEEING.
 10551 | Lair:1   | 10551 ||| FLEEEEING.
 10552 | Lair:1   | 10552 ||| FLEEEEING.
 10553 | Lair:1   | 10553 ||| FLEEEEING.
 10554 | Lair:1   | 10554 ||| FLEEEEING.
 10555 | Lair:1   | 10555 ||| FLEEEEING.
 10556 | Lair:1   | 10556 ||| FLEEEEING.
 10557 | Lair:1   | 10557 ||| STAIRDANCE
 10708 | Lair:1   | 10708 ||| INVOKING Heroism.
 10840 | Lair:1   | Noticed a death yak
 10841 | Lair:1   | 10841 ||| INVOKING Heroism.
 10846 | Lair:1   | Killed a death yak
 10859 | Lair:1   | Noticed a catoblepas
 10869 | Lair:1   | 10869 ||| Stepping ~*~*~tactically~*~*~ (retreating).
 10873 | Lair:1   | Killed a catoblepas
 10873 | Lair:1   | Received a gift from Okawaru
 10921 | Lair:1   | 10921 ||| INVOKING Heroism.
 10994 | Lair:1   | 10994 ||| RIP GAUNTLET
 11015 | Lair:1   | 11015 ||| PLANNING LAIR
 11162 | Lair:1   | 11162 ||| RETREATING.
 11179 | Lair:1   | 11179 ||| Stepping ~*~*~tactically~*~*~ (retreating).
 11181 | Lair:1   | 11181 ||| Stepping ~*~*~tactically~*~*~ (retreating).
 11182 | Lair:1   | 11182 ||| Stepping ~*~*~tactically~*~*~ (retreating).
 11183 | Lair:1   | 11183 ||| Stepping ~*~*~tactically~*~*~ (retreating).
 11184 | Lair:1   | 11184 ||| Stepping ~*~*~tactically~*~*~ (retreating).
 11185 | Lair:1   | 11185 ||| Stepping ~*~*~tactically~*~*~ (retreating).
 11604 | Lair:1   | Reached skill level 9 in Invocations
 11693 | Lair:1   | 11693 ||| INVOKING Heroism.
 11884 | Lair:1   | 11884 ||| INVOKING Heroism.
 11893 | Lair:1   | Reached skill level 15 in Ranged Weapons
 11971 | Lair:1   | 11971 ||| INVOKING Heroism.
 12042 | Lair:1   | 12042 ||| DROPPING +0 leather armour of poison resistance.
 12043 | Lair:1   | 12043 ||| DROPPING +6 ring of intelligence.
 12044 | Lair:1   | 12044 ||| UPGRADING to ring of resist corrosion.
 12045 | Lair:1   | 12045 ||| READING scroll labelled ZIUFFA VIALIALO.
 12046 | Lair:1   | 12046 ||| READING 3 scrolls of identify.
 12046 | Lair:1   | 12046 ||| IDENTIFYING sedimented dark potion
 12047 | Lair:1   | 12047 ||| READING 2 scrolls of identify.
 12047 | Lair:1   | 12047 ||| IDENTIFYING inky potion
 12095 | Lair:2   | Found a frozen archway.
 12106 | Lair:2   | Found a staircase to the Snake Pit.
 12107 | Lair:2   | 12107 ||| Stepping ~*~*~tactically~*~*~ (outnumbered).
 12111 | Lair:2   | 12111 ||| Stepping ~*~*~tactically~*~*~ (outnumbered).
 12196 | Lair:2   | 12196 ||| RETREATING.
 12211 | Lair:2   | 12211 ||| Stepping ~*~*~tactically~*~*~ (retreating).
 12212 | Lair:2   | 12212 ||| Stepping ~*~*~tactically~*~*~ (retreating).
 12213 | Lair:2   | 12213 ||| Stepping ~*~*~tactically~*~*~ (retreating).
 12214 | Lair:2   | 12214 ||| Stepping ~*~*~tactically~*~*~ (retreating).
 12221 | Lair:2   | 12221 ||| INVOKING Heroism.
 12224 | Lair:2   | 12224 ||| Stepping ~*~*~tactically~*~*~ (retreating).
 12225 | Lair:2   | 12225 ||| Stepping ~*~*~tactically~*~*~ (retreating).
 12226 | Lair:2   | 12226 ||| Stepping ~*~*~tactically~*~*~ (retreating).
 12228 | Lair:2   | 12228 ||| Stepping ~*~*~tactically~*~*~ (retreating).
 12238 | Lair:2   | HP: 19/77 [yak (12)]
 12239 | Lair:2   | 12239 ||| READING 9 scrolls of teleportation.
 12240 | Lair:2   | 12240 ||| DRINKING 2 potions of heal wounds.
 12355 | Lair:2   | 12355 ||| Stepping ~*~*~tactically~*~*~ (water).
 12356 | Lair:2   | 12356 ||| INVOKING Heroism.
 12380 | Lair:2   | Noticed a four-headed hydra
 12383 | Lair:2   | Killed a four-headed hydra
 12415 | Lair:2   | 12415 ||| INVOKING Heroism.
 12551 | Lair:2   | 12551 ||| INVOKING Heroism.
 12765 | Lair:2   | 12765 ||| INVOKING Heroism.
 13013 | Lair:2   | 13013 ||| RETREATING.
 13219 | Lair:2   | 13219 ||| READING scroll of brand weapon.
 13219 | Lair:2   | 13219 ||| BRANDING +2 orcbow of flaming.
 13272 | Lair:2   | 13272 ||| UPGRADING to +1 cloak.
 13282 | Lair:2   | 13282 ||| DROPPING +0 cloak.
 13363 | Lair:3   | Reached skill level 16 in Ranged Weapons
 13426 | Lair:3   | 13426 ||| INVOKING Heroism.
 13466 | Lair:3   | Reached XP level 13. HP: 82/82 MP: 20/20
 13484 | Lair:3   | 13484 ||| RETREATING.
 13566 | Lair:3   | 13566 ||| RETREATING.
 13586 | Lair:3   | 13586 ||| Stepping ~*~*~tactically~*~*~ (retreating).
 13587 | Lair:3   | 13587 ||| Stepping ~*~*~tactically~*~*~ (retreating).
 13588 | Lair:3   | 13588 ||| Stepping ~*~*~tactically~*~*~ (retreating).
 13589 | Lair:3   | 13589 ||| Stepping ~*~*~tactically~*~*~ (retreating).
 13590 | Lair:3   | 13590 ||| Stepping ~*~*~tactically~*~*~ (retreating).
 13623 | Lair:3   | 13623 ||| Stepping ~*~*~tactically~*~*~ (retreating).
 13723 | Lair:3   | Noticed Gastronok
 13724 | Lair:3   | 13724 ||| INVOKING Heroism.
 13746 | Lair:3   | Killed Gastronok
 13799 | Lair:3   | 13799 ||| READING scroll of enchant weapon.
 13799 | Lair:3   | 13799 ||| ENCHANTING +2 orcbow of draining.
 13998 | Lair:3   | Reached ***** piety under Okawaru
 13999 | Lair:3   | Reached skill level 6 in Armour
 14068 | Lair:3   | 14068 ||| Stepping ~*~*~tactically~*~*~ (retreating).
 14117 | Lair:3   | 14117 ||| INVOKING Heroism.
 14194 | Lair:3   | 14194 ||| Stepping ~*~*~tactically~*~*~ (retreating).
 14210 | Lair:3   | 14210 ||| Stepping ~*~*~tactically~*~*~ (retreating).
 14211 | Lair:3   | 14211 ||| Stepping ~*~*~tactically~*~*~ (retreating).
 14212 | Lair:3   | 14212 ||| Stepping ~*~*~tactically~*~*~ (retreating).
 14213 | Lair:3   | 14213 ||| Stepping ~*~*~tactically~*~*~ (retreating).
 14230 | Lair:3   | 14230 ||| Stepping ~*~*~tactically~*~*~ (retreating).
 14235 | Lair:3   | 14235 ||| INVOKING Heroism.
 14251 | Lair:3   | Reached skill level 12 in Fighting
 14285 | Lair:3   | 14285 ||| INVOKING Heroism.
 14299 | Lair:3   | Reached skill level 6 in Dodging
 14519 | Lair:3   | Found a staircase to the Swamp.
 14603 | Lair:3   | 14603 ||| INVOKING Heroism.
 14672 | Lair:3   | 14672 ||| UPGRADING to ring of willpower.
 14699 | Lair:4   | 14699 ||| INVOKING Heroism.
 14700 | Lair:4   | 14700 ||| INVOKING Finesse.
 14777 | Lair:4   | Identified the +9 spear "Ytzuovem" {vamp, rF+ Dex+3}
 14794 | Lair:4   | 14794 ||| INVOKING Heroism.
 14795 | Lair:4   | 14795 ||| RETREATING.
 14824 | Lair:4   | 14824 ||| Stepping ~*~*~tactically~*~*~ (retreating).
 14825 | Lair:4   | 14825 ||| INVOKING Heroism.
 15214 | Lair:4   | 15214 ||| RETREATING.
 15226 | Lair:4   | 15226 ||| Stepping ~*~*~tactically~*~*~ (retreating).
 15227 | Lair:4   | 15227 ||| Stepping ~*~*~tactically~*~*~ (retreating).
 15228 | Lair:4   | 15228 ||| Stepping ~*~*~tactically~*~*~ (retreating).
 15229 | Lair:4   | 15229 ||| Stepping ~*~*~tactically~*~*~ (retreating).
 15230 | Lair:4   | 15230 ||| Stepping ~*~*~tactically~*~*~ (retreating).
 15231 | Lair:4   | 15231 ||| Stepping ~*~*~tactically~*~*~ (retreating).
 15232 | Lair:4   | 15232 ||| INVOKING Heroism.
 15247 | Lair:4   | Identified the +1 arbalest of Enampuir {drain, rElec rPois
                  | rC++ rN+} (Okawaru gifted it to you on level 4 of the Lair
                  | of Beasts)
 15247 | Lair:4   | Received a gift from Okawaru
 15287 | Lair:4   | 15287 ||| INVOKING Heroism.
 15535 | Lair:4   | 15535 ||| SWAPPING to +1 arbalest of Enampuir {drain, rElec
                  | rPois rC++ rN+}.
 15933 | Lair:5   | Entered Level 5 of the Lair of Beasts
 15934 | Lair:5   | 15934 ||| INVOKING Heroism.
 15936 | Lair:5   | 15936 ||| STAIRDANCE
 15939 | Lair:4   | Gained mutation: Your large and strong wings let you fly.
                  | [Gargoyle growth]
 15939 | Lair:4   | Reached XP level 14. HP: 85/94 MP: 18/21
 16019 | Lair:5   | 16019 ||| STAIRDANCE
 16068 | Lair:5   | 16068 ||| STAIRDANCE
 16070 | Lair:4   | 16070 ||| INVOKING Heroism.
 16074 | Lair:4   | HP: 20/94 [acid (8)]
 16075 | Lair:4   | 16075 ||| READING 8 scrolls of teleportation.
 16075 | Lair:4   | HP: 6/94 [acid (6)]
 16076 | Lair:4   | 16076 ||| DRINKING potion of heal wounds.
 16311 | Lair:5   | 16311 ||| STAIRDANCE
 16361 | Lair:5   | 16361 ||| STAIRDANCE
 16387 | Lair:5   | 16387 ||| STAIRDANCE
 16391 | Lair:5   | 16391 ||| STAIRDANCE
 16407 | Lair:5   | 16407 ||| STAIRDANCE
 16409 | Lair:4   | 16409 ||| Stepping ~*~*~tactically~*~*~ (retreating).
 16410 | Lair:4   | 16410 ||| Stepping ~*~*~tactically~*~*~ (retreating).
 16411 | Lair:4   | 16411 ||| Stepping ~*~*~tactically~*~*~ (retreating).
 16412 | Lair:4   | 16412 ||| Stepping ~*~*~tactically~*~*~ (retreating).
 16413 | Lair:4   | 16413 ||| Stepping ~*~*~tactically~*~*~ (retreating).
 16414 | Lair:4   | 16414 ||| Stepping ~*~*~tactically~*~*~ (retreating).
 16415 | Lair:4   | 16415 ||| Stepping ~*~*~tactically~*~*~ (retreating).
 16416 | Lair:4   | 16416 ||| RETREATING.
 16420 | Lair:4   | 16420 ||| INVOKING Heroism.
 16427 | Lair:4   | HP: 19/94 [tyrant leech (18)]
 16428 | Lair:4   | 16428 ||| READING 7 scrolls of teleportation.
 16434 | Lair:4   | 16434 ||| READING 6 scrolls of teleportation.
 16651 | Lair:5   | 16651 ||| STAIRDANCE
 16661 | Lair:5   | 16661 ||| STAIRDANCE
 16668 | Lair:4   | 16668 ||| INVOKING Heroism.
 16770 | Lair:5   | 16770 ||| STAIRDANCE
 16775 | Lair:4   | 16775 ||| INVOKING Heroism.
 16921 | Lair:5   | 16921 ||| STAIRDANCE
 16923 | Lair:4   | 16923 ||| INVOKING Heroism.
 17024 | Lair:5   | 17024 ||| STAIRDANCE
 17026 | Lair:4   | 17026 ||| INVOKING Heroism.
 17041 | Lair:4   | HP: 21/94 [skyshark (5)]
 17042 | Lair:4   | 17042 ||| READING 5 scrolls of teleportation.
 17046 | Lair:4   | Reached skill level 17 in Ranged Weapons
 17113 | Lair:4   | 17113 ||| INVOKING Heroism.
 17270 | Lair:5   | 17270 ||| STAIRDANCE
 17501 | Lair:5   | Found a staircase to the Slime Pits.
 17674 | Lair:5   | 17674 ||| RETREATING.
 17675 | Lair:5   | 17675 ||| INVOKING Heroism.
 17677 | Lair:5   | 17677 ||| Stepping ~*~*~tactically~*~*~ (retreating).
 17680 | Lair:5   | 17680 ||| Stepping ~*~*~tactically~*~*~ (retreating).
 17796 | Lair:5   | Identified the +0 scale mail of Vampiric Thralls {rPois}
 17897 | Lair:5   | 17897 ||| RETREATING.
 18224 | Lair:5   | 18224 ||| PLANNING D
 18224 | Lair:5   | 18224 ||| READING scroll labelled XUYCIR ARHEDA.
 18397 | D:12     | 18397 ||| INVOKING Heroism.
 18402 | D:12     | Reached skill level 18 in Ranged Weapons
 18645 | D:12     | 18645 ||| INVOKING Heroism.
 18879 | D:12     | Found a staircase to the Orcish Mines.
 19104 | D:12     | 19104 ||| Stepping ~*~*~tactically~*~*~ (outnumbered).
 19106 | D:12     | 19106 ||| Stepping ~*~*~tactically~*~*~ (outnumbered).
 19220 | D:12     | Found a sacrificial altar of Ru.
 19417 | D:13     | Found a portal to a secret trove of treasure.
 19480 | D:13     | 19480 ||| INVOKING Heroism.
 19492 | D:13     | HP: 15/96 [skeletal warrior/+0 halberd (17)]
 19493 | D:13     | 19493 ||| READING 5 scrolls of teleportation.
 19493 | D:13     | HP: 7/96 [skeletal warrior/+0 halberd (8)]
 19494 | D:13     | 19494 ||| DRINKING 2 potions of heal wounds.
 19697 | D:13     | 19697 ||| INVOKING Heroism.
 19876 | D:13     | 19876 ||| Stepping ~*~*~tactically~*~*~ (retreating).
 19883 | D:13     | 19883 ||| INVOKING Heroism.
 19885 | D:13     | HP: 20/96 [vault guard/+1 war axe (12)]
 19886 | D:13     | 19886 ||| READING 4 scrolls of teleportation.
 19887 | D:13     | 19887 ||| DRINKING potion of heal wounds.
 20123 | D:13     | Reached XP level 15. HP: 98/100 MP: 22/22
 20153 | D:13     | 20153 ||| INVOKING Heroism.
 20161 | D:13     | HP: 25/100 [vault guard/+1 war axe (13)]
 20162 | D:13     | 20162 ||| READING 3 scrolls of teleportation.
 20168 | D:13     | 20168 ||| READING 2 scrolls of teleportation.
 20261 | D:13     | 20261 ||| INVOKING Heroism.
 20555 | D:13     | 20555 ||| INVOKING Heroism.
 20562 | D:13     | HP: 16/100 [vault guard/+1 great sword (11)]
 20563 | D:13     | 20563 ||| READING scroll of teleportation.
 20665 | D:13     | 20665 ||| FLEEEEING.
 20666 | D:13     | 20666 ||| FLEEEEING.
 20671 | D:13     | 20671 ||| STAIRDANCE
 20794 | D:12     | 20794 ||| DROPPING ring of ice.
 20995 | D:13     | Found a gate to the Vaults.
 21040 | D:14     | Identified the -1 hat of Okawaru's Whim {rN++ Will+}
                  | (Okawaru gifted it to you on level 14 of the Dungeon)
 21040 | D:14     | Received a gift from Okawaru
 21194 | D:14     | 21194 ||| RETREATING.
 21196 | D:14     | 21196 ||| RETREATING.
 21198 | D:14     | 21198 ||| Stepping ~*~*~tactically~*~*~ (retreating).
 21222 | D:14     | 21222 ||| INVOKING Heroism.
 21498 | D:14     | Found a stormy altar of Qazlal.
 21951 | D:14     | 21951 ||| DROPPING -1 hat of Okawaru's Whim {rN++ Will+}.
 21962 | D:15     | Entered Level 15 of the Dungeon
 21962 | D:15     | Found a staircase to the Depths.
 21963 | D:15     | 21963 ||| INVOKING Heroism.
 21976 | D:15     | Reached skill level 15 in Fighting
 22225 | D:15     | 22225 ||| RETREATING.
 22227 | D:15     | 22227 ||| INVOKING Heroism.
 22238 | D:15     | 22238 ||| Stepping ~*~*~tactically~*~*~ (retreating).
 22239 | D:15     | 22239 ||| Stepping ~*~*~tactically~*~*~ (retreating).
 22240 | D:15     | 22240 ||| Stepping ~*~*~tactically~*~*~ (retreating).
 22243 | D:15     | HP: 18/103 [two-headed ogre/+0 dire flail (20)]
 22243 | D:15     | Slain by a two-headed ogre

Levels and vault maps discovered:
D:1:      dpeg_arrival_pits, layout_loops_corners
D:2:      layout_rooms, shapermc_ecumenical_altar_mp_urbaneastern,
          uniq_crazy_yiuf_cottage
D:3:      layout_loops_ring, lemuel_doored_altar
D:4:      layout_basic, kennysheep_slug_shrine, jmf_multi_god_temple2,
          minmay_temple_entry_enclosed_plants, grunt_decor_resistance
D:5:      layout_cave_pools, trog_book, serial_co_window_serial,
          co_window_cross_1, co_window_paths_a, co_window_corner_a,
          co_window_corner_a, co_window_paths_a, co_window_broadway_a,
          co_window_corner_b, co_window_broadway_a, co_window_2corner,
          co_window_4corner_a, glass_columns_c, glass_columns_b,
          grunt_ministairs_9
D:6:      layout_loops_ring, kennysheep_okawaru_gauntlet,
          mainiacjoe_overflow_surrounded_room, serial_shops,
          nicolae_shop_tiny_glass, palyth_stone_intersect, uniq_menkaure
D:7:      layout_basic, mainiacjoe_overflow_alcove_1, serial_shops,
          kennysheep_little_box, hangedman_decor_slide_cut, minivault_24
D:8:      layout_rooms, enter_bailey_3, minmay_diced_spiral
D:9:      layout_basic, mainiacjoe_overflow_brackets, serial_shops, shop,
          nicolae_shop_hallway_plus, shop_scrolls
D:10:     layout_grid_maze, mainiacjoe_overflow_boulevard,
          kiku_gazebo_garden_becter, serial_glass, glass_columns_b,
          glass_columns_b, due_unseen_surprise, uniq_maggie
D:11:     layout_rooms, grunt_lair_entry_orc_guard_hut, uniq_grum
D:12:     layout_rooms, erik_orc_1, kennysheep_nub, nicolae_ru_path_of_blood
D:13:     layout_long_grid, ximxim_vaults_locker_room, trove_entry_hex_spiral
D:14:     layout_loops_ring, grunt_qazlal_clouds
D:15:     grunt_enter_depths_giant_problem, layout_basic, nicolae_titane,
          serial_shops, shop
Temple:   nicolae_temple_bog_church
Lair:1:   layout_hall_layers, gauntlet_entry_generic,
          hangedman_lair_generics_rect, uniq_fannar
Lair:2:   layout_concentric_octagons, guppyfry_snake_entry_garden,
          portal_ice_cave_entry_pillars_1, nicolae_quartered_pool_super,
          hibernation_bobbens
Lair:3:   layout_cave_pods, minmay_swamp_entry_worms,
          infiniplex_staircase_pool_2, uniq_gastronok
Lair:4:   layout_cave_pods, chequers_serial_rivers_large_a,
          grunt_forest_stairs_clearing, grunt_megastairs_3, lemuel_fruit_fields
Lair:5:   minmay_lair_end_frog_pond, layout_misc_corridors,
          dpeg_slime_entry_corner

Skill      XL: |  1  2  3  4  5  6  7  8  9 10 11 12 13 14 15 |
---------------+----------------------------------------------+-----
Ranged Weapons | 5 6 7 8 9 11 13 14 16 18 | 18.0
Fighting       | 3 4 5 6 8 10 13 14 15 | 15.3
Armour         | 1 2 3 5 7 8 |  8.1
Dodging        | 2 3 4 6 7 8 |  8.0
Invocations    | 4 7 10 | 10.0
Stealth        | |  1.1

Action                     |  1- 3 |  4- 6 |  7- 9 | 10-12 | 13-15 || total
---------------------------+-------+-------+-------+-------+-------++-------
   Fire: Shortbow          |   117 |     4 |       |       |       ||   121
         Orcbow            |       |    74 |   382 |   639 |   465 ||  1560
         Arbalest          |       |       |       |       |   700 ||   700
 Invoke: Heroism           |       |       |     3 |    27 |    30 ||    60
         Finesse           |       |       |       |       |     1 ||     1
    Use: Scroll            |     6 |       |    15 |    10 |    11 ||    42
         Potion            |     1 |       |     2 |     3 |     3 ||     9
 Armour: Leather armour    |    38 |       |       |       |       ||    38
         Ring mail         |     1 |    30 |   185 |   310 |   813 ||  1339
  Dodge: Dodged            |    42 |    17 |   139 |   277 |   803 ||  1278

Table legend:
 A = Non-vault XP
 B = Vault XP
 C = Vault XP percentage of total XP
 D = Non-vault monster count
 E = Vault monster count
 F = Vault count percentage of total count
                 A         B        C        D         E       F
            +---------+---------+-------+---------+---------+-------
      Total |   73721 |   29305 |  28.4 |     370 |     116 |  23.9
            +---------+---------+-------+---------+---------+-------
        D:1 |      42 |       0 |   0.0 |      24 |       0 |   0.0
        D:2 |      31 |       0 |   0.0 |      16 |       0 |   0.0
        D:3 |      31 |       0 |   0.0 |      11 |       0 |   0.0
        D:4 |     551 |       4 |   0.7 |      15 |       1 |   6.2
        D:5 |     406 |      24 |   5.6 |       9 |       2 |  18.2
        D:6 |     646 |     173 |  21.1 |       6 |       3 |  33.3
        D:7 |    1106 |       0 |   0.0 |      27 |       0 |   0.0
        D:8 |     813 |     226 |  21.8 |      13 |       7 |  35.0
        D:9 |    4462 |       0 |   0.0 |      26 |       0 |   0.0
       D:10 |    4108 |     404 |   9.0 |      25 |       1 |   3.8
       D:11 |    3683 |    1308 |  26.2 |      15 |       9 |  37.5
       D:12 |    4756 |     562 |  10.6 |      18 |      17 |  48.6
       D:13 |    8435 |    4058 |  32.5 |      17 |       7 |  29.2
       D:14 |    7628 |       0 |   0.0 |      16 |       0 |   0.0
       D:15 |    3595 |    1123 |  23.8 |       7 |       1 |  12.5
     Lair:1 |    2919 |    4523 |  60.8 |      13 |       9 |  40.9
     Lair:2 |    5362 |     323 |   5.7 |      21 |       2 |   8.7
     Lair:3 |   11047 |    2729 |  19.8 |      39 |       6 |  13.3
     Lair:4 |    8323 |   10569 |  55.9 |      33 |      36 |  52.2
     Lair:5 |    5777 |    3279 |  36.2 |      19 |      15 |  44.1
            +---------+---------+-------+---------+---------+-------
